General information
- name: BNet
- type: Ladder team game (AT/RT)
- host: Battle.net
- saver: SC2NO.WC4YES
map: MarketSquare
- players: 8
- length: 18:54
- speed: Fast
- version: 1.26 W3XP
- replay type: Public
» download(149 KB)
Players
team 1 (loser)

»
itowerlikeajew (
orange | 66 APM | 1171 actions | 17:39)
4 Death Knight
2 Death Coil
2 Unholy Aura
2 Pit Lord
1 Rain of Fire
1 Cleaving Attack
» actions
| Assign group hotkey | 52 | |
| Basic commands | 15 | |
| Build / train | 75 | |
| Enter build submenu | 24 | |
| Enter hero's abilities submenu | 6 | |
| Right click | 516 | |
| Select / deselect | 287 | |
| Select group hotkey | 130 | |
| Use ability | 66 | |
1171 total
» units
| Acolyte | 14 | |
| Ghoul | 6 | |
| Crypt Fiend | 9 | |
| Huntress | 2 | |
| Obsidian Statue | 2 | |
| Wisp | 3 | |
36 total
» upgrades
| Creature Attack | 2 | |
| Creature Carapace | 2 | |
| Burrow | 1 | |
| Web | 1 | |
| Cannibalize | 1 | |
| Strength of the Moon | 1 | |
| Destroyer Form | 1 | |
| Reinforced Hides | 1 | |
10 total
» buildings
| Altar of Darkness | 1 | |
| Ziggurat | 8 | |
| Crypt | 2 | |
| Tomb of Relics | 1 | |
| Nerubian Tower | 1 | |
| Graveyard | 1 | |
| Halls of the Dead | 5 | |
| Slaughterhouse | 1 | |
| Spirit Tower | 8 | |
| Ancient of Lore | 2 | |
| Necropolis | 1 | |
| Black Citadel | 1 | |
| Moon Well | 2 | |
34 total
» build order
00:08 Altar of Darkness
00:15 Ziggurat
00:45 Crypt
01:01 Ziggurat
01:39 Tomb of Relics
01:53 Nerubian Tower
02:16 Graveyard
03:49 Crypt
04:12 Halls of the Dead
04:12 Halls of the Dead
04:12 Halls of the Dead
05:28 Ziggurat
07:56 Ziggurat
07:57 Slaughterhouse
08:00 Spirit Tower
10:19 Ziggurat
10:35 Ancient of Lore
10:36 Ancient of Lore
11:28 Necropolis
12:56 Black Citadel
13:09 Moon Well
13:09 Moon Well
13:25 Ziggurat
13:26 Ziggurat
13:51 Ziggurat
14:17 Spirit Tower
14:22 Spirit Tower
14:22 Spirit Tower
14:22 Spirit Tower
16:04 Spirit Tower
17:36 Spirit Tower
» items
SemiSerious (
red | 49 APM | 415 actions | 08:32)
3 Priestess of the Moon
1 Searing Arrows
2 Trueshot Aura
» actions
| Build / train | 34 | |
| Enter build submenu | 16 | |
| Enter hero's abilities submenu | 3 | |
| Right click | 223 | |
| Select / deselect | 121 | |
| Use ability | 18 | |
415 total
» units
» upgrades
» buildings
| Moon Well | 4 | |
| Altar of Elders | 1 | |
| Hunter's Hall | 1 | |
| Ancient of War | 2 | |
| Tree of Ages | 1 | |
| Tree of Life | 4 | |
| Ancient of Wind | 1 | |
| Ancient of Wonders | 1 | |
15 total
» build order
00:32 Moon Well
00:41 Altar of Elders
01:48 Hunter's Hall
02:10 Ancient of War
02:12 Ancient of War
02:23 Moon Well
02:35 Moon Well
03:59 Moon Well
05:24 Tree of Ages
05:58 Tree of Life
06:10 Tree of Life
06:42 Tree of Life
07:55 Tree of Life
08:15 Ancient of Wind
08:18 Ancient of Wonders
Liko (
yellow | 70 APM | 1230 actions | 17:36)
5 Paladin
1 Holy Light
3 Devotion Aura
1 Divine Shield
1 Priestess of the Moon
1 Searing Arrows
» actions
| Assign group hotkey | 29 | |
| Basic commands | 113 | |
| Build / train | 63 | |
| ESC pressed | 2 | |
| Enter build submenu | 31 | |
| Enter hero's abilities submenu | 7 | |
| Give item / drop item | 3 | |
| Right click | 307 | |
| Select / deselect | 213 | |
| Select group hotkey | 399 | |
| Use ability | 63 | |
1230 total
» units
| Peasant | 11 | |
| Rifleman | 11 | |
| Knight | 7 | |
| Druid of the Claw | 1 | |
| Dryad | 7 | |
37 total
» upgrades
| Long Rifles | 1 | |
| Masonry | 1 | |
| Gunpowder | 2 | |
| Animal War Training | 1 | |
| Druid of the Claw Training | 1 | |
| Abolish Magic | 1 | |
| Plating | 2 | |
9 total
» buildings
| Altar of Kings | 1 | |
| Farm | 11 | |
| Blacksmith | 1 | |
| Barracks | 2 | |
| Lumber Mill | 2 | |
| Scout Tower | 9 | |
| Keep | 3 | |
| Guard Tower | 4 | |
| Town Hall | 1 | |
| Castle | 1 | |
| Arcane Vault | 1 | |
| Ancient of Lore | 2 | |
38 total
» build order
00:11 Altar of Kings
00:15 Farm
00:39 Blacksmith
01:04 Barracks
01:56 Farm
02:07 Farm
02:42 Farm
02:56 Lumber Mill
03:04 Lumber Mill
03:17 Scout Tower
03:19 Scout Tower
03:53 Keep
03:53 Keep
04:07 Guard Tower
04:26 Guard Tower
04:51 Farm
05:33 Town Hall
07:36 Castle
07:44 Barracks
09:21 Scout Tower
09:23 Scout Tower
09:25 Scout Tower
09:26 Scout Tower
09:54 Guard Tower
09:57 Arcane Vault
09:59 Scout Tower
10:00 Scout Tower
10:02 Scout Tower
10:43 Guard Tower
11:21 Farm
11:22 Farm
11:24 Farm
11:25 Farm
11:27 Farm
11:28 Farm
14:31 Ancient of Lore
14:34 Ancient of Lore

»
Towerererer (
pink | 51 APM | 968 actions | 18:50)
6 Mountain King
3 Storm Bolt
2 Bash
1 Avatar
4 Paladin
2 Holy Light
2 Divine Shield
» actions
| Assign group hotkey | 46 | |
| Basic commands | 48 | |
| Build / train | 71 | |
| Enter build submenu | 22 | |
| Enter hero's abilities submenu | 10 | |
| Give item / drop item | 2 | |
| Right click | 268 | |
| Select / deselect | 180 | |
| Select group hotkey | 238 | |
| Use ability | 83 | |
968 total
» units
| Peasant | 8 | |
| Rifleman | 11 | |
| Forest Troll High Priest | 2 | |
21 total
» upgrades
| Gunpowder | 3 | |
| Armor | 2 | |
| Long Rifles | 1 | |
| Strength of the Wild | 1 | |
| Reinforced Hides | 1 | |
| Moon Armor | 1 | |
| Swords | 1 | |
| Plating | 1 | |
11 total
» buildings
| Altar of Kings | 1 | |
| Farm | 13 | |
| Barracks | 2 | |
| Blacksmith | 1 | |
| Keep | 3 | |
| Castle | 3 | |
| Town Hall | 1 | |
| Scout Tower | 13 | |
| Lumber Mill | 1 | |
38 total
» build order
00:15 Altar of Kings
00:25 Farm
00:28 Farm
01:18 Barracks
01:57 Blacksmith
02:23 Barracks
02:29 Farm
02:59 Farm
03:00 Farm
03:05 Farm
05:32 Farm
05:34 Farm
06:16 Keep
06:16 Keep
07:46 Farm
10:54 Farm
10:57 Castle
10:57 Castle
12:00 Farm
13:05 Farm
14:12 Farm
15:00 Town Hall
15:12 Scout Tower
15:13 Scout Tower
15:13 Scout Tower
15:14 Scout Tower
15:15 Scout Tower
15:16 Scout Tower
15:18 Scout Tower
15:19 Scout Tower
15:20 Scout Tower
15:21 Scout Tower
15:21 Scout Tower
15:22 Scout Tower
15:25 Scout Tower
15:31 Lumber Mill
» items
| Periapt of Vitality | 1 | |
| Boots of Speed | 1 | |
| Scroll of Healing | 1 | |
| Orb of Corruption | 1 | |
| Scroll of Town Portal | 1 | |
5 total
team 2 (winner)

»
SC2NO.WC4YES (
blue | 86 APM | 1621 actions | 18:54)
6 Goblin Alchemist
3 Acid Bomb
2 Chemical Rage
1 Transmute
4 Pit Lord
2 Rain of Fire
2 Cleaving Attack
4 Dark Ranger
2 Silence
2 Black Arrow
» actions
| Assign group hotkey | 131 | |
| Basic commands | 39 | |
| Build / train | 73 | |
| ESC pressed | 1 | |
| Enter build submenu | 25 | |
| Enter hero's abilities submenu | 14 | |
| Give item / drop item | 4 | |
| Right click | 667 | |
| Select / deselect | 262 | |
| Select group hotkey | 319 | |
| Use ability | 86 | |
1621 total
» units
| Peasant | 22 | |
| Footman | 10 | |
| Knight | 1 | |
| Gryphon Rider | 3 | |
36 total
» upgrades
| Defend | 1 | |
| Swords | 3 | |
| Armor | 2 | |
| Storm Hammers | 1 | |
| Lumber Harvesting | 1 | |
8 total
» buildings
| Altar of Kings | 1 | |
| Farm | 10 | |
| Barracks | 2 | |
| Keep | 1 | |
| Town Hall | 1 | |
| Blacksmith | 1 | |
| Castle | 2 | |
| Lumber Mill | 1 | |
| Scout Tower | 4 | |
| Gryphon Aviary | 3 | |
| Guard Tower | 2 | |
| Arcane Vault | 1 | |
29 total
» build order
00:05 Altar of Kings
00:18 Farm
00:47 Farm
00:51 Farm
01:26 Barracks
01:40 Barracks
01:53 Farm
01:56 Farm
02:46 Farm
05:10 Keep
05:43 Town Hall
07:09 Blacksmith
07:44 Castle
07:48 Lumber Mill
08:15 Scout Tower
08:16 Scout Tower
08:16 Scout Tower
08:19 Scout Tower
08:39 Gryphon Aviary
08:43 Guard Tower
08:45 Arcane Vault
08:47 Guard Tower
09:40 Gryphon Aviary
09:42 Gryphon Aviary
10:32 Farm
10:32 Farm
10:56 Farm
10:57 Farm
» items
| Boots of Speed | 2 | |
| Scroll of Town Portal | 1 | |
| Orb of Corruption | 1 | |
| Potion of Mana | 1 | |
5 total
Ny.Yankees (
teal | 52 APM | 975 actions | 18:51)
5 Death Knight
1 Death Coil
2 Unholy Aura
2 Death Pact
4 Pit Lord
1 Rain of Fire
2 Howl of Terror
1 Cleaving Attack
4 Dark Ranger
2 Silence
2 Life Drain
» actions
| Assign group hotkey | 24 | |
| Build / train | 66 | |
| Enter build submenu | 24 | |
| Enter hero's abilities submenu | 15 | |
| Give item / drop item | 1 | |
| Right click | 326 | |
| Select / deselect | 176 | |
| Select group hotkey | 257 | |
| Use ability | 86 | |
975 total
» units
| Acolyte | 7 | |
| Ghoul | 5 | |
| Crypt Fiend | 2 | |
| Frost Wyrm | 7 | |
| Forest Troll High Priest | 1 | |
22 total
» upgrades
| Creature Carapace | 2 | |
| Web | 1 | |
| Creature Attack | 1 | |
| Freezing Breath | 1 | |
5 total
» buildings
| Crypt | 1 | |
| Altar of Darkness | 1 | |
| Ziggurat | 11 | |
| Graveyard | 1 | |
| Tomb of Relics | 2 | |
| Nerubian Tower | 3 | |
| Halls of the Dead | 1 | |
| Necropolis | 2 | |
| Spirit Tower | 2 | |
| Black Citadel | 1 | |
| Sacrificial Pit | 1 | |
| Boneyard | 3 | |
29 total
» build order
00:31 Crypt
00:39 Altar of Darkness
00:50 Ziggurat
01:10 Graveyard
01:21 Tomb of Relics
01:49 Ziggurat
02:25 Nerubian Tower
04:24 Halls of the Dead
04:52 Necropolis
05:23 Ziggurat
05:46 Ziggurat
05:48 Ziggurat
06:24 Tomb of Relics
07:04 Spirit Tower
07:05 Spirit Tower
07:25 Black Citadel
07:56 Ziggurat
07:58 Ziggurat
08:05 Sacrificial Pit
09:05 Ziggurat
09:56 Ziggurat
09:57 Nerubian Tower
10:11 Boneyard
10:16 Boneyard
11:15 Boneyard
15:16 Nerubian Tower
18:00 Necropolis
18:03 Ziggurat
18:05 Ziggurat
» items
| Rod of Necromancy | 2 | |
| Periapt of Vitality | 2 | |
| Scroll of Protection | 1 | |
| Potion of Lesser Invulnerability | 1 | |
| Scroll of Healing | 1 | |
| Scroll of Town Portal | 2 | |
| Potion of Mana | 1 | |
| Potion of Healing | 2 | |
| Orb of Corruption | 1 | |
13 total
iPhone_4S (
purple | 68 APM | 1282 actions | 18:51)
5 Lich
3 Frost Nova
2 Dark Ritual
» actions
| Assign group hotkey | 1 | |
| Basic commands | 1 | |
| Build / train | 73 | |
| Enter build submenu | 26 | |
| Enter hero's abilities submenu | 5 | |
| Give item / drop item | 2 | |
| Remove unit from queue | 1 | |
| Right click | 639 | |
| Select / deselect | 381 | |
| Use ability | 153 | |
1282 total
» units
| Acolyte | 7 | |
| Ghoul | 13 | |
| Banshee | 4 | |
| Forest Troll High Priest | 1 | |
| Obsidian Statue | 4 | |
| Gargoyle | 1 | |
30 total
» upgrades
» buildings
| Ziggurat | 12 | |
| Crypt | 2 | |
| Altar of Darkness | 1 | |
| Nerubian Tower | 2 | |
| Graveyard | 1 | |
| Tomb of Relics | 2 | |
| Halls of the Dead | 1 | |
| Spirit Tower | 5 | |
| Black Citadel | 5 | |
| Temple of the Damned | 2 | |
| Necropolis | 2 | |
| Slaughterhouse | 1 | |
36 total
» build order
00:31 Ziggurat
00:34 Crypt
00:36 Altar of Darkness
01:00 Ziggurat
01:25 Nerubian Tower
01:29 Graveyard
01:42 Tomb of Relics
03:39 Halls of the Dead
04:07 Ziggurat
04:09 Spirit Tower
04:09 Spirit Tower
05:06 Spirit Tower
05:13 Ziggurat
05:50 Crypt
07:54 Ziggurat
09:11 Ziggurat
09:12 Ziggurat
09:14 Ziggurat
10:11 Spirit Tower
10:37 Tomb of Relics
10:55 Ziggurat
10:57 Ziggurat
11:25 Black Citadel
11:26 Black Citadel
11:26 Black Citadel
12:01 Spirit Tower
12:02 Nerubian Tower
12:19 Temple of the Damned
12:20 Temple of the Damned
13:16 Necropolis
13:20 Ziggurat
13:58 Slaughterhouse
15:20 Necropolis
15:23 Ziggurat
» items
| Rod of Necromancy | 4 | |
| Scroll of Town Portal | 4 | |
| Sacrificial Skull | 1 | |
| Potion of Healing | 3 | |
| Circlet of Nobility | 1 | |
| Potion of Lesser Invulnerability | 1 | |
| Boots of Speed | 1 | |
| Orb of Corruption | 1 | |
16 total
Calore (
green | 79 APM | 1497 actions | 18:51)
4 Death Knight
2 Death Coil
1 Death Pact
1 Unholy Aura
1 Dreadlord
1 Vampiric Aura
» actions
| Assign group hotkey | 84 | |
| Basic commands | 94 | |
| Build / train | 52 | |
| ESC pressed | 8 | |
| Enter build submenu | 19 | |
| Enter hero's abilities submenu | 5 | |
| Give item / drop item | 1 | |
| Right click | 773 | |
| Select / deselect | 302 | |
| Select group hotkey | 105 | |
| Use ability | 53 | |
1497 total
» units
| Acolyte | 4 | |
| Ghoul | 6 | |
| Necromancer | 8 | |
| Abomination | 8 | |
26 total
» upgrades
| Unholy Strength | 2 | |
| Necromancer Training | 2 | |
| Unholy Armor | 1 | |
| Skeletal Longevity | 1 | |
| Skeletal Mastery | 1 | |
| Disease Cloud | 1 | |
8 total
» buildings
| Altar of Darkness | 1 | |
| Ziggurat | 10 | |
| Crypt | 1 | |
| Graveyard | 1 | |
| Nerubian Tower | 2 | |
| Halls of the Dead | 1 | |
| Tomb of Relics | 1 | |
| Temple of the Damned | 1 | |
| Slaughterhouse | 1 | |
| Black Citadel | 1 | |
| Necropolis | 1 | |
21 total
» build order
00:08 Altar of Darkness
00:13 Ziggurat
00:39 Crypt
01:49 Ziggurat
02:31 Graveyard
03:13 Nerubian Tower
03:14 Nerubian Tower
04:05 Halls of the Dead
04:17 Tomb of Relics
07:08 Temple of the Damned
07:13 Slaughterhouse
07:17 Ziggurat
09:03 Black Citadel
14:36 Ziggurat
14:41 Ziggurat
15:25 Necropolis
17:22 Ziggurat
17:25 Ziggurat
17:28 Ziggurat
17:31 Ziggurat
17:32 Ziggurat
» items
| Rod of Necromancy | 1 | |
| Potion of Healing | 1 | |
| Scroll of Town Portal | 3 | |
| Potion of Mana | 2 | |
7 total
Chat log
(00:13 / All) SC2NO.WC4YES: gonna be pretty disappointed if you guys dont mass towers
(01:06 / Allies) iPhone_4S: hey, units?
(01:13 / Allies) Ny.Yankees: fiend frost
(01:20 / Allies) Calore: aboms necros
(01:57 / Allies) iPhone_4S: blue what ru going?
(02:12 / Allies) SC2NO.WC4YES: get a cold tower he senses youre a noob
(02:30 / Allies) iPhone_4S: why didnt u dc him and finish that peon off?
(02:36 / Allies) Calore: shut the fuck up
(02:45 / Allies) Calore: waste of my mana
(02:55 / Allies) iPhone_4S: you get it back, stop being cheap.
(02:57 / Allies) SC2NO.WC4YES: i wish i had a power that gave me 25 xp for 75 mana
(03:58 / Allies) iPhone_4S: blue what u going?
(04:02 / Allies) SC2NO.WC4YES: dont know
(06:36 / Allies) SC2NO.WC4YES: lets do middle
(06:56 / Allies) SC2NO.WC4YES: damn we got jacked
(06:57 / Allies) SC2NO.WC4YES: out
(08:32 / All) SC2NO.WC4YES: to, say, 15 seconds
(11:41 / Allies) Ny.Yankees: lumber pls
(11:58 / Allies) Ny.Yankees: ty
(12:55 / Allies) SC2NO.WC4YES: calore is this your first online game
(12:57 / Allies) iPhone_4S: wiw they really did tower like noobs
(13:12 / Allies) Calore: uhm no
(13:58 / Allies) SC2NO.WC4YES: calore leave the game please so i can use your base
(14:04 / Allies) Calore: stfu
(14:12 / Allies) SC2NO.WC4YES: just pretend you already saw the defeat screen that you know is coming
(14:17 / Allies) iPhone_4S: we need melee use that gold green
(14:19 / Allies) Calore: mmkay
(14:33 / Allies) SC2NO.WC4YES: oh god
(14:35 / Allies) SC2NO.WC4YES: we got 2 of them
(15:28 / Allies) iPhone_4S: ready?
(15:41 / Allies) Ny.Yankees: tp?
(15:51 / Allies) SC2NO.WC4YES: vs 500 food of aa?
(15:53 / Allies) SC2NO.WC4YES: no thankx
(17:25 / Allies) iPhone_4S: dc me?
(17:45 / Allies) iPhone_4S: id put anti majcik shell on ur hero blue but ur a dick
(18:38 / All) SC2NO.WC4YES: you guys shocul dhange your names
(18:45 / All) SC2NO.WC4YES: to "i play like a boring regular 4v4 player"